 Dungeon Crawl Stone Soup version 0.31-a0-960-g0fca184906 (webtiles) character file.

Game seed: 8012644276113745746

163 CowFu the Poker (level 5, -2/45 HPs)
             Began as a Minotaur Monk on Oct 24, 2023.
             Slain by a gnoll
             ... wielding a +0 halberd
              (8 damage)
             ... on level 4 of the Dungeon.
             The game lasted 00:01:55 (2333 turns).

CowFu the Poker (Minotaur Monk)                     Turns: 2333, Time: 00:01:55

Health: -2/45      AC:  2    Str: 17    XL:     5   Next: 20%
Magic:  4/4        EV: 13    Int:  7    God:
Gold:   142        SH:  0    Dex: 13    Spells: 4/4 levels left

rFire   . . .        j - +0 trident
rCold   . . .        d - orb {light}
rNeg    . . .        b - +0 robe
rPois   .            (helmet restricted)
rElec   .            (no cloak)
rCorr   .            (no gloves)
SInv    .            (no boots)
Will    .....        e - amulet of magic regeneration
Stlth   +            (no ring)
HPRegen 0.27/turn    (no ring)
MPRegen 0.49/turn

%: no passive effects
@: glowing
A: horns 2, retaliatory headbutt
a: no special abilities


You were on level 4 of the Dungeon.
You visited 1 branch of the dungeon, and saw 4 of its levels.

You collected 142 gold pieces.

Inventory:

Hand Weapons
 j - a +0 trident (weapon)
Armour
 b - a +0 robe (worn)
 d - an orb of light (worn)
Jewellery
 e - an amulet of magic regeneration (around neck)
Wands
 m - a wand of digging (8)
Scrolls
 h - a scroll of poison {unknown}
 k - 2 scrolls of enchant weapon {unknown}
 l - 2 scrolls of identify {unknown}
 o - a scroll of silence {unknown}
 p - a scroll of teleportation {unknown}
 q - a scroll of brand weapon {unknown}
 r - a scroll of immolation {unknown}
Potions
 a - a potion of heal wounds {unknown}
 f - a potion of resistance {unknown}
 g - a potion of lignification {unknown}
 i - a potion of degeneration {unknown}
 n - 2 potions of enlightenment {unknown}
 s - a potion of haste {unknown}


   Skills:
 - Level 3.6 Fighting
 + Level 7.2 Polearms
 - Level 3.2 Dodging


You had 4 spell levels left.
You didn't know any spells.
Your spell library was empty.

Dungeon Overview and Level Annotations

Branches:
Dungeon (4/15)
 Temple: D:4-7

Altars:


Innate Abilities, Weirdness & Mutations

You have a pair of horns on your head.
You reflexively headbutt those who attack you in melee.


Message History

The gnoll is lightly wounded.
Reach: j) +0 trident
Press: ? - help, Dir - move target, f/p - gnoll
Aim: a gnoll, wielding a +0 halberd (lightly wounded, haloed, about 18% to evade your +0 trident)
You reach to attack!
You hit the gnoll.
The gnoll is moderately wounded.
The gnoll hits you from afar with a +0 halberd!
* * * LOW HITPOINT WARNING * * *
Reach: j) +0 trident
Press: ? - help, Dir - move target, f/p - gnoll
Aim: a gnoll, wielding a +0 halberd (moderately wounded, haloed, about 18% to evade your +0 trident)
You reach to attack!
You puncture the gnoll!
The gnoll is almost dead.
The gnoll closely misses you.
You are confused.
You feel invigorated. The gnoll closely misses you.
You're too confused to aim your attacks!
Unknown command.
The gnoll barely misses you.
You closely miss the gnoll. You headbutt the gnoll.
The gnoll is severely wounded.
The gnoll barely misses you. The gnoll closely misses you.
The gnoll closely misses you. x2
There is an open door here.
You feel less invigorated.
You feel less confused. The gnoll misses you.
The gnoll hits you but does no damage.
You hit the gnoll.
The gnoll is almost dead.
The gnoll misses you. The gnoll closely misses you.
You hit the gnoll but do no damage. Your headbutt misses the gnoll.
The gnoll is almost dead.
The gnoll hits you from afar with a +0 halberd!
The gnoll closely misses you.
You hit the gnoll.
You kill the gnoll!
The gnoll hits you from afar with a +0 halberd!
* * * LOW HITPOINT WARNING * * *
The gnoll hits you with a +0 halberd!
You die...

##### ......
############.....
##+##+
.................
.................
.................
.................
.................
........g))......
.#####@#g.......
+....)#......!.
#.###.####.....
#.#..#..... .
#.###.#..########..
#.....'............
#+#####.......%....
#... #+####....#######
#...##...##....##.....


You could see a gnoll.

Vanquished Creatures
  An iguana (D:4)
  Natasha (D:3)
  2 gnolls (D:4)
  4 adders (D:3)
  A worm (D:2)
  A dart slug (D:1)
  An orc (D:4)
  4 ball pythons
  5 endoplasms
  2 giant cockroaches
  4 goblins
  2 hobgoblins
  3 quokkas
  8 bats
  A frilled lizard (D:1)
  7 kobolds
  6 rats
53 creatures vanquished.

Notes
Turn   | Place    | Note
-------+----------+-------------------------------------------
     0 | D:1      | CowFu the Minotaur Monk began the quest for the Orb.
     0 | D:1      | Reached XP level 1. HP: 19/19 MP: 0/0
    66 | D:1      | Reached skill level 4 in Polearms
   277 | D:1      | Reached XP level 2. HP: 26/26 MP: 1/1
  1114 | D:2      | Identified the +3 whip "Bemn" {elec, rPois Str+6 Int-4}
  1178 | D:2      | Reached skill level 5 in Polearms
  1280 | D:2      | Reached XP level 3. HP: 31/31 MP: 2/2
  1728 | D:3      | Noticed Natasha
  1731 | D:3      | Killed Natasha
  1732 | D:3      | Reached skill level 6 in Polearms
  1732 | D:3      | Reached XP level 4. HP: 37/39 MP: 3/3
  2200 | D:4      | Reached skill level 7 in Polearms
  2200 | D:4      | Reached XP level 5. HP: 32/45 MP: 4/4
  2323 | D:4      | HP: 2/45 [gnoll/+0 halberd (17)]
  2333 | D:4      | Slain by a gnoll

Illustrated notes

Levels and vault maps discovered:
D:1:      giann_bridges, layout_basic
D:2:      layout_basic
D:3:      layout_basic, uniq_natasha
D:4:      layout_gridville, chequers_temple_overflow_statue_of_worship,
          general_overflow_altar, minmay_misc_feat_encased, minmay_surrounded

Skill      XL: |  1  2  3  4 |
---------------+-------------+-----
Polearms       | 4 5 6 7 |  7.2
Fighting       | |  3.6
Dodging        | |  3.2

Action                     |  1- 3 |  4- 6 || total
---------------------------+-------+-------++-------
  Melee: Spear             |    68 |       ||    68
         Headbutt          |    12 |     5 ||    17
         Trident           |    22 |    40 ||    62
    Use: Potion            |       |     1 ||     1
 Armour: Robe              |    23 |    15 ||    38
  Dodge: Dodged            |    29 |    24 ||    53

Table legend: (Time is in decaauts)
 A = Elapsed time spent in this place.
 B = Non-inter-level travel time spent in this place.
 C = Inter-level travel time spent in this place.
 D = Time resting spent in this place.
 E = Time spent auto-exploring this place.
 F = Levels seen in this place.
 G = Mean time per level.
                   A        B        C        D        E       F      G
               +--------+--------+--------+--------+--------+-----+--------+
         Total |   2325 |   2256 |     69 |      0 |   1929 |   4 |  581.2 |
       Dungeon |   2325 |   2256 |     69 |      0 |   1929 |   4 |  581.2 |
               +--------+--------+--------+--------+--------+-----+--------+

Top non-repeatable levels by time:
     D:1: 819 daAuts
     D:3: 703 daAuts
     D:2: 612 daAuts
     D:4: 191 daAuts
